[Event "Queens Festival Final-A 2022"]
[Site "Tornelo"]
[Date "2022.06.25"]
[Round "5.4"]
[White "Alboredo, Julia"]
[Black "Castrillon Gomez, Melissa"]
[Result "0-1"]
[ECO "A49"]
[WhiteElo "2252"]
[BlackElo "2198"]
[Annotator "TA"]
[PlyCount "106"]
[EventDate "2022.06.24"]
[EventType "tourn"]
[EventCountry "NET"]
[SourceTitle "playchess.com"]
[Source "ChessBase"]
[SourceQuality "1"]
[TimeControl "180+2"]

1. d4 Nf6 2. Nf3 g6 3. c4 c5 4. dxc5 Bg7 5. g3 O-O 6. Bg2 Na6 7. Nc3 Nxc5 8. O-O d6 {[%emt 0:00:02] A49: 1 d4 Nf6 2 Nf3 g6 3 g3: Anti-King's Indian systems.} 9. Rb1 ({White should try} 9. Nd4 $11) 9... Bf5 $15 10. Ra1 {[%emt 0:00:03] [#]} Nfe4 $146 {[%emt 0:00:13] The position is equal.} ({Predecessor:} 10... Nce4 11. Nxe4 Bxe4 12. Nd4 Bxg2 13. Kxg2 Rc8 14. Qb3 Nd7 15. Be3 Qb6 16. Qxb6 Nxb6 {½-½ (47) Phan,Q (2349)-Dao,T (1862) Hanoi 2021}) 11. Nxe4 Bxe4 ({Much worse is} 11... Nxe4 12. Nd4 $11) 12. Nd4 Bxg2 {[%emt 0:00:03] Black is more active.} 13. Kxg2 Rc8 (13... Qb6 $17) 14. Rb1 (14. Be3 $1 $11) 14... Ne4 (14... d5 $17 15. Nb5 dxc4 16. Qxd8 Rfxd8) 15. Qd3 d5 16. cxd5 $1 Qxd5 (16... Nc5 $5 17. Qc4 a6 $15) 17. Nf3 Qxd3 (17... Qe6 {feels hotter.} 18. Rd1 Nc5 19. Qa3 Qxe2 20. Be3 Qb5) 18. exd3 Nc5 19. d4 Ne6 20. Be3 Rfd8 21. Rfd1 Rd5 22. Rbc1 Rcd8 23. Rc4 b5 24. Rc6 Nxd4 25. Bxd4 Bxd4 26. Nxd4 Rxd4 27. Rxd4 Rxd4 $11 {[%emt 0:00:01][%mdl 4096] Endgame KR-KR} 28. Rc8+ Kg7 29. Rc7 Rd2 (29... Ra4 $17 30. a3 Kf6) 30. Rxe7 a5 31. Ra7 (31. Rb7 $1 $11 {was the only way to keep the balance.}) 31... a4 $17 {[%emt 0:00:07] Black converts the advantage convincingly.} ({But not} 31... Rxb2 $6 32. Rxa5 h5 33. a4 $11) 32. b4 axb3 33. axb3 Rb2 34. h4 h5 35. Rb7 Rxb3 36. Rb8 (36. Rb6 $17) 36... b4 ({Black should play} 36... Kf6 $19 {Strongly threatening ...b4.} 37. Kf1 Rb2) 37. Rb7 (37. Rb6 $17) 37... Kf6 $19 38. Ra7 (38. Kf1 {was necessary.}) 38... Rb1 39. Ra6+ $2 (39. Kf3 {was called for.}) 39... Ke5 {[%emt 0:00:07] [#] And now ...Kd4 would win.} 40. Rb6 (40. Ra7 $142 f6 41. Kf3) 40... b3 41. Rb8 (41. Rb4 $142 Kd6 42. Kf3) 41... Kd4 42. Kf3 Kc3 {[%emt 0:00:04] White must now prevent ...Rc1.} 43. Rc8+ Kb2 {[%emt 0:00:02] [#] aiming for ...Rc1.} 44. Kf4 Rc1 45. Rb8 Rc4+ 46. Kg5 Rc5+ 47. Kf4 Kc2 {[%emt 0:00:04] Black mates.} 48. f3 b2 49. g4 b1=Q 50. Rxb1 Kxb1 51. Ke4 Kc2 52. Kd4 Ra5 53. gxh5 Rxh5 {[%emt 0:00:03] Weighted Error Value: White=0.64/Black=0.14 (very precise)} 0-1

[Event "Queens Festival Final-A 2022"]
[Site "Tornelo"]
[Date "2022.06.25"]
[Round "6.1"]
[White "Ismayil, Malak"]
[Black "Alboredo, Julia"]
[Result "1-0"]
[ECO "B51"]
[WhiteElo "2001"]
[BlackElo "2252"]
[Annotator "TA"]
[PlyCount "107"]
[EventDate "2022.06.24"]
[EventType "tourn"]
[EventCountry "NET"]
[SourceTitle "playchess.com"]
[Source "ChessBase"]
[SourceQuality "1"]
[TimeControl "180+2"]

1. e4 c5 2. Nf3 d6 3. Bb5+ Nc6 4. O-O Bd7 5. Qe2 a6 6. Bxc6 {[%emt 0:00:02] B51: Sicilian: Moscow Variation (3 Bb5+) without 3...Bd7.} Bxc6 {[%emt 0:00:02] [#]} 7. Rd1 $146 ({Predecessor:} 7. d4 cxd4 8. Nxd4 Nf6 9. Nxc6 bxc6 10. Bg5 Qa5 11. Bxf6 gxf6 12. Na3 e6 13. Nc4 {½-½ (49) Thing,B (2237)-Magalashvili,D (2508) Batumi 2018}) 7... e5 8. d3 {[%emt 0:00:07] The position is equal.} Nf6 9. Bg5 Be7 10. Nbd2 O-O 11. Nc4 b5 12. Ne3 g6 13. c3 Nh5 14. Bxe7 (14. Bh6 $1 $11) 14... Qxe7 $17 15. g3 Ng7 (15... f5 $5 16. Nd5 Bxd5 17. exd5 Rae8 $15) 16. Nd5 Bxd5 17. exd5 f5 (17... Qb7 $15) 18. d4 $11 e4 19. dxc5 dxc5 20. Qe3 $2 (20. d6 $11 {and White is okay.} Qf6 21. Ne1) 20... Qd6 $2 (20... f4 $1 $19 21. gxf4 Nf5) 21. Ne1 Rae8 {[%emt 0:00:06] And now ...f4 would win.} 22. Ng2 {[%emt 0:00:01] Inhibits f4.} Re5 (22... Nh5 $11 {is more appropriate.}) 23. Nf4 $2 {[%emt 0:00:10] [#]} (23. c4 $1 $14 {stays ahead.}) 23... Rd8 $2 (23... g5 $1 $19 24. Ne6 f4 25. gxf4 gxf4) 24. h4 Qf6 {[%emt 0:00:10] [#]} (24... Nh5 $11 {keeps the balance.}) 25. Rd2 $2 ({Much less strong is} 25. Qxc5 Nh5 $16) ({Better is} 25. a4 $1 $16) 25... c4 (25... h6 $11 {remains equal.}) 26. Rad1 ({White should play} 26. a4 $16) 26... h6 $2 (26... Rd6 $14) 27. b3 $2 (27. d6 $18) 27... cxb3 28. axb3 Rd6 $2 {[%emt 0:00:14] White stays focused until the end.} (28... g5 $14 29. hxg5 hxg5) 29. c4 $18 {[%emt 0:00:02] Threatens to win with c5.} bxc4 30. bxc4 {[%emt 0:00:01] aiming for c5.} g5 31. Ng2 {[%emt 0:00:10] c5 is the strong threat.} Rd8 32. c5 Nh5 $2 (32... Rf8 33. c6 f4 34. gxf4 gxf4 35. Qxf4 Qxf4 36. Nxf4 Rxf4) 33. d6 Re6 34. Qb3 Kh8 35. Qb6 (35. c6 $142) 35... f4 36. Qb2 $2 (36. hxg5 $18 {and White stays clearly on top.} hxg5 37. c6) 36... fxg3 $2 (36... e3 $16 37. fxe3 fxe3 38. hxg5 hxg5 39. Qxf6+ Nxf6) 37. Qxf6+ Rxf6 $2 (37... Nxf6 38. hxg5 (38. fxg3 e3 $18) 38... gxf2+ 39. Rxf2 (39. Kxf2 e3+ 40. Nxe3 Ne4+ 41. Kf3 Nxc5 $14) 39... hxg5) 38. fxg3 Nxg3 39. c6 {[%emt 0:00:03] Hoping for c7.} gxh4 40. c7 Rg8 41. d7 {[%emt 0:00:03] White mates.} e3 42. d8=Q exd2 43. Qxf6+ Kh7 44. Qf7+ Rg7 {[%emt 0:00:02] [#]} 45. Qxg7+ $3 Kxg7 46. c8=Q h3 47. Qxh3 Ne2+ 48. Kh2 Nd4 49. Qc3 Kg6 50. Qxd4 Kg5 51. Qxd2+ Kg4 52. Qf4+ Kh5 53. Rd6 a5 54. Rxh6# {[%emt 0:00:02] Weighted Error Value: White=0.76/Black=0.89} 1-0

[Event "Queens Festival Final-A 2022"]
[Site "Tornelo"]
[Date "2022.06.25"]
[Round "6.2"]
[White "Balabayeva, Xeniya"]
[Black "Yuan, Ye"]
[Result "0-1"]
[ECO "C10"]
[WhiteElo "2177"]
[BlackElo "2108"]
[Annotator "RC"]
[PlyCount "38"]
[EventDate "2022.06.24"]
[EventType "tourn"]
[EventCountry "NET"]
[SourceTitle "playchess.com"]
[Source "ChessBase"]
[SourceQuality "1"]
[TimeControl "180+2"]

1. e4 e6 2. d4 d5 3. Nd2 dxe4 4. Nxe4 Nd7 5. Nf3 Ngf6 6. Nxf6+ Nxf6 7. g3 c5 8. c3 cxd4 9. Qxd4 Qa5 10. b4 Qa4 11. Bg2 Be7 12. O-O O-O 13. Bb2 Nd5 14. Ne5 Bf6 15. Qe4 a5 16. a3 Qb3 17. Rab1 Nxc3 18. Bxc3 Qxc3 19. Rfc1 Qxe5 0-1

[Event "Queens Festival Final-A 2022"]
[Site "Tornelo"]
[Date "2022.06.25"]
[Round "6.3"]
[White "Okuyaz, Duru"]
[Black "Gueci, Tea"]
[Result "1/2-1/2"]
[ECO "A04"]
[WhiteElo "2090"]
[BlackElo "2248"]
[Annotator "TA"]
[PlyCount "136"]
[EventDate "2022.06.24"]
[EventType "tourn"]
[EventCountry "NET"]
[SourceTitle "playchess.com"]
[Source "ChessBase"]
[SourceQuality "1"]
[TimeControl "180+2"]

1. e4 c5 2. Nf3 e6 3. d3 Nc6 4. Nbd2 g6 5. g3 Bg7 6. Bg2 Nge7 7. O-O d6 8. c3 O-O 9. h4 {[%emt 0:00:03] A04: Unusual lines after 1 Nf3 and King's Indian Attack.} f5 10. Re1 h6 (10... f4 $11) 11. Nf1 (11. e5 $1 $14) 11... e5 $15 12. Ne3 f4 13. Nd5 Nxd5 (13... Bg4 {is more complex.} 14. Qb3 Nxd5 15. Nh2 fxg3 16. Qxd5+ Kh7) 14. exd5 Ne7 {[%emt 0:00:03] [#]} 15. d4 $146 (15. gxf4 $11 exf4 16. Qe2 Nxd5 17. d4) ({Predecessor:} 15. Nd2 b6 16. a4 Bb7 17. Qb3 Qe8 18. Rf1 fxg3 19. fxg3 Rxf1+ 20. Nxf1 Qf7 21. c4 {0-1 (41) Volpinari,D (2003)-Michaelides,K (2023) Luxembourg 2016}) 15... cxd4 16. cxd4 fxg3 (16... Nxd5 17. dxe5 dxe5 18. Nxe5 $18) 17. fxg3 Bg4 $36 {[%emt 0:00:06][%mdl 2048] Black fights for an advantage.} (17... Nxd5 18. dxe5 Qa5 19. Nh2 $16) 18. dxe5 Bxe5 19. Bxh6 Rf7 (19... Nf5 $1 $17 20. Bxf8 Qb6+ 21. Kh2 (21. Kh1 $2 Bxf3 22. Qxf3 Nxg3+ 23. Qxg3 Bxg3 $19) 21... Bxg3+ 22. Kh1 Rxf8) 20. Qd3 (20. Nxe5 $11 {keeps the balance.} Bxd1 21. Nxf7 Kxf7 22. Raxd1) 20... Bxf3 $17 21. Bxf3 Nf5 (21... Bxb2 22. Rab1 Be5 23. h5 $18 (23. Rxb7 Rb8 $16) (23. Bg5 Qc8 $16)) (21... Bxg3 22. Rxe7 $1 Qxe7 23. Qxg6+ Rg7 24. Qxg7+ (24. Bxg7 Qxg7 25. Qxg7+ Kxg7 $14) 24... Qxg7 25. Bxg7 Kxg7 26. Rc1 $11) (21... Qb6+ $1 $19 22. Kg2 (22. Kh1 $2 Nf5 $19) 22... Qxb2+ 23. Qe2 Qxe2+ 24. Bxe2 Bxa1 25. Rxa1 Kh7) 22. Bg5 (22. Kg2 $17 Bxg3 23. Bg5 Nxh4+ 24. Bxh4 Bxh4 25. Re4) 22... Qb6+ $19 23. Be3 $2 (23. Kg2 Qxb2+ 24. Qe2) 23... Nxe3 {[%emt 0:00:27][%mdl 64] Discovered Attack} 24. Rxe3 Rxf3 $1 25. Qxg6+ Bg7 (25... Kf8 $142 26. Qh6+ Bg7 27. Qxd6+ Qxd6 28. Rxf3+ Kg8) 26. Qe6+ Kh8 27. Rae1 Raf8 28. Kh2 Qxb2+ 29. Kh3 Rf2 (29... Qf2 $2 30. Rxf3 Qxf3 31. Qg6 $19) 30. Qg6 (30. R1e2 $142 Rxe2 31. Rxe2) 30... Rh2+ 31. Kg4 Qd4+ 32. Re4 Qf6 33. Qxf6 Bxf6 (33... Rxf6 $2 34. R4e2 Rg6+ 35. Kh5 Rxe2 36. Rxe2 Rxg3 37. Re7) 34. Kh5 Kg7 35. Rg4+ (35. Rb1 $142 Rh8+ 36. Kg4) 35... Kh7 (35... Kf7 $142 36. Rf4 Rg2) 36. Re6 Bg7 ({Black should play} 36... Rxa2 $19 {...Rf2 is the strong threat.} 37. Rxd6 Re2) 37. Rgg6 $2 (37. Rxd6 $17 {was called for.} Rf5+ 38. Rg5) 37... Rd2 $2 ({Avoid the trap} 37... Rxa2 $2 38. Rxd6 Rf5+ 39. Rg5 $19) (37... Rf5+ $19 {has better winning chances.} 38. Rg5 Rf7 39. Rxd6 Rxa2) 38. Kg4 $2 (38. Rxd6 $17 {was the only chance.} Rf5+ 39. Rg5) 38... Rd4+ ({Don't go for} 38... Rxd5 $2 39. Rxd6 Rff5 40. Rxd5 Rxd5 41. Re6) 39. Kh3 Rxd5 {[%emt 0:00:00] Hoping for ...Be5.} 40. Rg4 $2 (40. Rxd6 Rc5 41. Rg4) 40... Rd4 (40... Rf7 $142 41. Rf4 Rc7) 41. Rg5 $2 (41. Rxd4 Bxd4 42. Rxd6) 41... d5 $2 (41... Rf7 $19 {Strongly threatening ...Be5.} 42. Rh5+ Kg8 43. Re8+ Bf8 44. Rg5+ Kh7 45. Rh5+ Kg8 46. Rg5+ Kh7 47. Rh5+ Kg7 48. Rg5+ Kh6 49. Re6+ Kh7 50. Rh5+ Kg8) 42. Re7 $11 {[%emt 0:00:01][%csl LRb7,LRg7] Against Be5} Rg8 43. h5 $2 {[%emt 0:00:01] [#]} (43. Rxb7 $11 Ra4 44. Rc7) 43... Kh8 $1 $19 44. Rg6 (44. Rxb7 $142 a5 45. Rb5) 44... Kh7 $2 (44... Bf8 $19 45. Rxg8+ Kxg8 46. Rxb7 a5) 45. Rxb7 Rc4 46. Rd6 Rcc8 47. h6 {[%emt 0:00:01][%mdl 64] Pin} Rcd8 48. Rxd8 Rxd8 49. Rxg7+ Kxh6 50. Rxa7 $11 {[%emt 0:00:04][%mdl 4096] Endgame KR-KR} d4 51. Re7 d3 {[%emt 0:00:01] ( -> ...d2)} 52. Re1 d2 53. Rd1 Kg5 {[%emt 0:00:01] White must now prevent ...Kf5.} 54. Kg2 $1 Kg4 55. Kf2 Rh8 $2 (55... Rd6 $11 {and Black has nothing to worry.}) 56. Rxd2 $18 Rh2+ 57. Ke1 $2 ({White has to play} 57. Ke3 $18 Rh5 58. Kd4) 57... Rh1+ $11 58. Ke2 {[%emt 0:00:01] Threatens to win with a4.} ({Not} 58. Kf2 Rh2+ 59. Ke3 Rh5 $18) 58... Kxg3 59. Kd3 {[%emt 0:00:01] And now Kc3 would win.} Ra1 (59... Kf4 $11) 60. Kc4 ({Better is} 60. Kc3 $16) 60... Kf4 $1 61. Kb5 Ke4 62. a4 Rb1+ 63. Kc6 Ra1 64. Kb5 $2 (64. Rh2 $11 Rc1+ 65. Kb6) 64... Rb1+ $18 65. Ka6 Ke3 $2 (65... Rb3 $18 66. a5 Ke5) 66. Rd8 Ke4 67. Ka7 $2 (67. a5 $18 {Intending Ka7 and mate.} Ke5 68. Ka7) 67... Ra1 $11 68. Re8+ Kd5 {[%emt 0:00:01] Quite a comeback for White.  Weighted Error Value: White=0.79/Black=0.71} 1/2-1/2

[Event "Queens Festival Final-A 2022"]
[Site "Tornelo"]
[Date "2022.06.25"]
[Round "6.4"]
[White "Cori T., Deysi"]
[Black "Song, Yuxin"]
[Result "1-0"]
[ECO "D05"]
[WhiteElo "2367"]
[BlackElo "2317"]
[Annotator "TA"]
[PlyCount "73"]
[EventDate "2022.06.24"]
[EventType "tourn"]
[EventCountry "NET"]
[SourceTitle "playchess.com"]
[Source "ChessBase"]
[SourceQuality "1"]
[TimeControl "180+2"]

1. d4 Nf6 2. Nf3 e6 3. e3 d5 4. Bd3 Nbd7 5. O-O Bd6 6. c4 {[%emt 0:00:05] D05: Colle System with ...e6.} dxc4 7. Bxc4 a6 8. Qe2 {[%emt 0:00:08] The position is equal.} b5 9. Bd3 c5 10. a4 {[%emt 0:00:03] [#]} c4 $146 ({Predecessor:} 10... cxd4 11. exd4 b4 12. Nbd2 Bb7 13. a5 Nd5 14. Nc4 Be7 15. Nfe5 N7f6 16. Bg5 h6 {1-0 (34) Cramling,P (2528)-Paehtz,E (2449) Fuegen 2006}) 11. Bc2 {[%emt 0:00:02] aiming for e4.} Bb7 12. e4 {[%emt 0:00:01] [#] Strongly threatening e5.} e5 13. Rd1 Qc7 (13... Qb8 $11 {keeps the balance.}) 14. Bg5 (14. axb5 $16 {[%cal Ob5b6] Black must now prevent b6!} exd4 15. Rxd4 axb5 16. Rxa8+ Bxa8 17. Nc3) 14... O-O 15. dxe5 Bxe5 16. Nc3 $2 (16. axb5 $11 axb5 17. Rxa8 Rxa8 18. Na3) 16... b4 $17 17. Nd5 Bxd5 18. exd5 Bxb2 19. Bxh7+ (19. d6 $17 {was called for.} Qb7 20. Rab1) 19... Nxh7 $19 20. Qxb2 c3 $2 (20... Nxg5 $19 21. Nxg5 Qe5) 21. Qxb4 $11 Rab8 (21... Nxg5 $11 22. Nxg5 Rab8) 22. Qf4 {[%emt 0:00:14] White is more active.} ({Better is} 22. Bf4 $1 $14 Rxb4 23. Bxc7) 22... Qc5 23. Qf5 (23. h4 $11) 23... Nhf6 $2 (23... Nxg5 $17 {keeps the pressure on.} 24. Qxg5 (24. Nxg5 Nf6 $17) 24... Rb2) 24. Be3 $36 {[%emt 0:00:04][%mdl 2048] White has the initiative.} Qe7 (24... Qa5 $14) 25. d6 (25. Nd4 $142) 25... Qe4 26. Nd4 Qxf5 ({Black should try} 26... Rfc8 $14) 27. Nxf5 $18 Rb4 28. Rac1 Rc4 29. Rd4 Rxd4 30. Bxd4 ({Weaker is} 30. Nxd4 Rc8 $16) 30... Ne4 (30... Nd5 {is a better defense.} 31. Bxc3 (31. Bxg7 Rc8 $18) 31... Rc8) 31. f3 {[%emt 0:00:04] White is clearly winning.} Nd2 (31... Nef6 $142 32. Rxc3 Rd8) 32. Rxc3 Rb8 33. Rc7 Nf8 34. Bxg7 Ne6 {[%emt 0:00:02] [#]} 35. Bf6 $1 {[%emt 0:00:09] And now Rc2 would win.} Nxc7 (35... Kf8 36. Rc6) 36. dxc7 Rb1+ 37. Kf2 {[%emt 0:00:01] White used his chance.  Weighted Error Value: White=0.39/Black=0.55} 1-0

[Event "Queens Festival Final-A 2022"]
[Site "Tornelo"]
[Date "2022.06.25"]
[Round "7.1"]
[White "Gueci, Tea"]
[Black "Cori T., Deysi"]
[Result "0-1"]
[ECO "C10"]
[WhiteElo "2248"]
[BlackElo "2367"]
[Annotator "TA"]
[PlyCount "88"]
[EventDate "2022.06.24"]
[EventType "tourn"]
[EventCountry "NET"]
[SourceTitle "playchess.com"]
[Source "ChessBase"]
[SourceQuality "1"]
[TimeControl "180+2"]

1. e4 e6 2. d4 d5 3. Nc3 a6 4. e5 c5 5. Be3 Nc6 {[%emt 0:00:04] [#]} 6. Nge2 $146 {[%emt 0:00:21] C10: French with 3 Nc3: Unusual Black 3rd moves and 3...dxe4.} ({Wrong is} 6. dxc5 $2 d4 7. Bxd4 Qxd4 8. Qxd4 Nxd4 $19) ({Predecessor:} 6. Nf3 b5 7. a3 Qb6 8. Ne2 c4 9. c3 a5 10. g4 Bb7 11. Bg2 b4 12. axb4 axb4 {0-1 (52) Zhou,Q (2229)-Costachi,M (2471) Chess.com INT 2020}) 6... cxd4 7. Bxd4 Nge7 8. f4 {[%emt 0:00:05] Black is better.} Nxd4 9. Nxd4 Qb6 10. Qd2 Nc6 (10... Qxb2 $17 11. Rb1 Qa3) 11. O-O-O (11. Nxc6 $15 Qxc6 12. Ne2) 11... Nxd4 $17 {[%emt 0:00:03] Black keeps a firm grip on the game.} 12. Qxd4 {[%emt 0:00:00] [#]} (12. Na4 $17 Qc6 13. Qxd4) 12... Bc5 $1 $36 {[%emt 0:00:01][%cal Bf8c5,Bc5e3,Be3f4][%mdl 2080] Black has strong initiative.} 13. Qd3 Be3+ 14. Kb1 Bxf4 15. Na4 (15. Re1 $17) 15... Qc7 16. Qa3 Bxe5 17. Re1 b5 18. Nb6 Qxb6 19. Rxe5 f6 20. Re1 Kf7 (20... e5 $19 {Hoping for ...Be6.} 21. Be2 Be6) 21. Bd3 (21. g4 $17) 21... e5 22. Rhf1 e4 {[%emt 0:00:01] Threatens to win with ...b4.} 23. Be2 ({Of course not} 23. Bxe4 dxe4 24. Rxe4 Be6 $19) 23... h5 24. Rd1 Be6 25. h3 Rad8 26. Qg3 Qd6 27. Qh4 Qe5 28. c3 g5 29. Qf2 Kg6 30. Rd4 h4 31. Bd1 f5 32. Bb3 f4 33. Rfd1 Rhf8 34. Qd2 (34. Bc2 $142) 34... e3 35. Qe2 Bf5+ 36. Ka1 Be4 {[%emt 0:00:03] And now ...Kg7 would win.} 37. c4 (37. Bc2 $142 Bxc2 38. Qxc2+ Qf5 39. Qe2) 37... bxc4 38. Bxc4 Rc8 39. Bb3 {[%emt 0:00:01] [#]} Qxd4 $3 40. a3 (40. Qe1 Bd3) 40... Qf6 41. Bxd5 Bxd5 42. Rxd5 Rfd8 {[%emt 0:00:04] Black mates.} 43. Qd3+ Kh6 44. Ka2 Qe6 {[%emt 0:00:03] Weighted Error Value: White=0.93/Black=0.15 (very precise)} 0-1

[Event "Queens Festival Final-A 2022"]
[Site "Tornelo"]
[Date "2022.06.25"]
[Round "7.2"]
[White "Yuan, Ye"]
[Black "Okuyaz, Duru"]
[Result "1/2-1/2"]
[ECO "D16"]
[WhiteElo "2108"]
[BlackElo "2090"]
[Annotator "NA RC"]
[PlyCount "53"]
[EventDate "2022.06.24"]
[EventType "tourn"]
[EventCountry "NET"]
[SourceTitle "playchess.com"]
[Source "ChessBase"]
[SourceQuality "1"]
[TimeControl "180+2"]

1. d4 d5 2. c4 c6 3. Nf3 Nf6 4. Nc3 dxc4 5. a4 Bg4 6. Ne5 Bc8 7. Nxc4 e6 8. Bg5 Be7 9. e3 O-O 10. Bd3 Nd5 11. Bxe7 Qxe7 12. O-O Nd7 13. Ne4 N7f6 14. Ng5 h6 15. Nf3 Nb4 16. Bb1 c5 17. Qb3 cxd4 18. Nxd4 e5 19. Nf5 Bxf5 20. Bxf5 e4 21. a5 Nd3 22. Rfd1 Rfd8 23. Qc3 Nd5 24. Qd4 Nf6 25. Qc3 Nd5 26. Qd4 Nf6 27. Qc3 1/2-1/2

[Event "Queens Festival Final-A 2022"]
[Site "Tornelo"]
[Date "2022.06.25"]
[Round "7.3"]
[White "Alboredo, Julia"]
[Black "Balabayeva, Xeniya"]
[Result "0-1"]
[ECO "B12"]
[WhiteElo "2252"]
[BlackElo "2177"]
[Annotator "TA"]
[PlyCount "118"]
[EventDate "2022.06.24"]
[EventType "tourn"]
[EventCountry "NET"]
[SourceTitle "playchess.com"]
[Source "ChessBase"]
[SourceQuality "1"]
[TimeControl "180+2"]

1. e4 c6 2. d4 d5 3. e5 Bf5 4. h4 h5 5. Bd3 Bxd3 6. Qxd3 e6 7. Bg5 {[%emt 0:00:02] B12: Caro-Kann: Advance Variation.} Qa5+ (7... Qb6 $5 ) 8. Nd2 Qa6 9. c4 {[%emt 0:00:01] The position is equal.} Be7 10. Ngf3 Bxg5 11. Nxg5 (11. hxg5 $5 Ne7 12. a4 $11) 11... Nh6 $2 {[%emt 0:00:09] [#]} (11... Ne7 $1 $14) 12. O-O $2 ({White has to play} 12. Nxe6 $1 $18 {[%mdl 512] Strongly threatening Nc7+.} fxe6 13. Qg6+ Ke7 14. Qxg7+ Nf7 15. Qf6+ Kf8 16. Qxe6) 12... Nf5 $14 13. g3 Nd7 {[%emt 0:00:06] [#]} 14. a4 $146 ({Predecessor:} 14. Qc3 O-O 15. b3 Rac8 16. Rfd1 c5 17. dxc5 Rxc5 18. Qf3 g6 19. cxd5 Rxd5 20. Nc4 Nxe5 21. Nxe5 Rxe5 {0-1 (62) Nurmanova,A (2008)-Nomin Erdene,D (2382) Chess.com INT 2021}) 14... Rd8 15. Qc3 dxc4 16. Nxc4 Nb6 17. Nxb6 Qxb6 18. Rfd1 Rxd4 (18... Nxd4 $5 19. Kh2 Nf5 20. Rxd8+ Qxd8 $15) 19. a5 Qd8 20. Qb3 ({Better is} 20. Rxd4 $15 Qxd4 21. Qxd4 Nxd4 22. Ra4) 20... O-O (20... Qd5 $1 $17 21. Qf3 Rxd1+ 22. Rxd1 Qxa5) 21. Qf3 (21. Rxd4 $1 $15 {was preferrable.} Qxd4 22. a6 bxa6 23. Rxa6) 21... g6 $17 22. Ne4 Kg7 (22... Qc7 $17 23. Nf6+ Kg7 24. Rxd4 Nxd4) 23. Kg2 Qd5 24. Rxd4 Qxd4 25. Rd1 Qxe5 26. Rd7 Qxb2 27. Ng5 (27. Qf4 $142) 27... Kg8 28. Qe4 {[%emt 0:00:24] [#]} Qf6 $2 (28... a6 $1 $19 29. Nf3 b5 30. axb6 Qxb6) 29. Rxb7 $2 (29. Qb4 $11 Qe5 30. Qxb7) 29... Nd6 $1 $19 30. Qxc6 Nxb7 31. Qxb7 {[%emt 0:00:00][%mdl 4096] Endgame KQR-KQN} Qd4 32. a6 Qd5+ 33. Ne4 Qxb7 34. axb7 {[%emt 0:00:00] KR-KN} Rb8 35. Nc5 a5 36. Kf3 a4 37. Nxa4 Rxb7 38. Nc5 Rb5 39. Ne4 Kf8 40. Kg2 Ke7 41. Ng5 f6 42. Nh3 e5 {[%emt 0:00:02] Black mates.} 43. Ng1 Ke6 44. Ne2 Rb3 45. Nc1 Ra3 46. Ne2 Kf5 47. Ng1 g5 48. hxg5 fxg5 49. Nf3 e4 50. Nd4+ Ke5 51. Nc2 Rd3 52. Nb4 Rd2 53. Nc6+ Kd6 54. Na5 Kd5 55. Nb3 Rb2 56. Nc1 e3 57. Kf3 exf2 58. Nd3 f1=Q+ 59. Nf2 Qxf2# {[%emt 0:00:01] Weighted Error Value: White=0.72/Black=0.26 (precise)} 0-1

[Event "Queens Festival Final-A 2022"]
[Site "Tornelo"]
[Date "2022.06.25"]
[Round "7.4"]
[White "Castrillon Gomez, Melissa"]
[Black "Ismayil, Malak"]
[Result "1-0"]
[ECO "E74"]
[WhiteElo "2198"]
[BlackElo "2001"]
[Annotator "RC"]
[PlyCount "137"]
[EventDate "2022.06.24"]
[EventType "tourn"]
[EventCountry "NET"]
[SourceTitle "playchess.com"]
[Source "ChessBase"]
[SourceQuality "1"]
[TimeControl "180+2"]

1. d4 Nf6 2. c4 g6 3. Nc3 Bg7 4. e4 d6 5. Be2 O-O 6. Bg5 c5 7. d5 Nbd7 8. h3 a6 9. Nf3 Qb6 10. Qd2 Re8 11. O-O e6 12. Rae1 exd5 13. exd5 Ne5 14. Nxe5 Rxe5 15. Bf4 Re8 16. Bd3 Bd7 17. b3 Nh5 18. Bh2 Qa5 19. Ne4 Qxd2 20. Nxd2 Be5 21. Bxe5 dxe5 22. Ne4 b6 23. Be2 f5 24. Bxh5 fxe4 25. Bg4 Bf5 26. Bxf5 gxf5 27. g4 fxg4 28. hxg4 Kf7 29. Rxe4 Kf6 30. f4 exf4 31. Rfxf4+ Kg5 32. Kg2 b5 33. Rf5+ Kg6 34. Rfe5 Rf8 35. Re6+ Kg5 36. Kg3 Rf6 37. R4e5+ Kg6 38. Rxf6+ Kxf6 39. Re6+ Kf7 40. Rc6 bxc4 41. bxc4 Re8 42. Rxc5 Re2 43. Ra5 Rc2 44. c5 Rc4 45. Kf3 Kf6 46. Ke3 Ke5 47. c6 Kd6 48. g5 Rg4 49. Rxa6 Kxd5 50. c7 Rc4 51. Ra7 Ke5 52. Kd3 Rc1 53. a4 Kf5 54. Kd4 Kxg5 55. Ra5+ Kg4 56. Rc5 Rd1+ 57. Ke5 Re1+ 58. Kd6 Rd1+ 59. Kc6 h5 60. c8=Q+ Kh4 61. Rc4+ Kg3 62. Rc3+ Kh4 63. Qh3+ Kg5 64. Rc5+ Kf6 65. Qxh5 Ke6 66. Qxd1 Kf6 67. Rc2 Ke5 68. Re2+ Kf4 69. Qf1+ 1-0

[Event "Queens Festival Final-A 2022"]
[Site "Tornelo"]
[Date "2022.06.25"]
[Round "8.1"]
[White "Balabayeva, Xeniya"]
[Black "Castrillon Gomez, Melissa"]
[Result "1-0"]
[ECO "D00"]
[WhiteElo "2177"]
[BlackElo "2198"]
[Annotator "RC"]
[PlyCount "119"]
[EventDate "2022.06.24"]
[EventType "tourn"]
[EventCountry "NET"]
[SourceTitle "playchess.com"]
[Source "ChessBase"]
[SourceQuality "1"]
[TimeControl "180+2"]

1. d4 Nf6 2. Bf4 d5 3. e3 c5 4. dxc5 e6 5. Bb5+ Bd7 6. Bxd7+ Nbxd7 7. Nf3 Bxc5 8. Nbd2 O-O 9. O-O h6 10. c4 Rc8 11. Rc1 Nb6 12. b3 dxc4 13. Nxc4 Nbd5 14. Be5 b5 15. Nb2 Ba3 16. Qe2 Ne4 17. Rxc8 Qxc8 18. Nd3 Bd6 19. Bxd6 Nxd6 20. Rc1 Qb8 21. e4 Nb6 22. Nd4 a6 23. e5 Nf5 24. Nxf5 exf5 25. Nb4 Re8 26. Nxa6 Qxe5 27. Qxe5 Rxe5 28. Kf1 g6 29. Nc7 Kg7 30. Rc6 Nd5 31. Nxd5 Rxd5 32. Ke2 b4 33. Rc2 Kf6 34. f4 Ra5 35. Kd3 g5 36. fxg5+ hxg5 37. Kc4 f4 38. Kxb4 Re5 39. a4 g4 40. a5 f3 41. gxf3 gxf3 42. Rf2 Re4+ 43. Kb5 Re3 44. b4 Ke5 45. a6 Ke4 46. Ra2 Re2 47. Rxe2+ fxe2 48. a7 e1=Q 49. a8=Q+ Kf4 50. Qb8+ Kg5 51. Qg3+ Qxg3 52. hxg3 Kg4 53. Kc4 Kxg3 54. b5 f5 55. b6 f4 56. b7 f3 57. b8=Q+ Kg2 58. Qg8+ Kh1 59. Kd3 f2 60. Ke2 1-0